 Dungeon Crawl Stone Soup version 0.26.1-11-gd32895ea62 (webtiles) character file.

Game seed: 9484368424814067502

234 dtburroughs the Chopper (level 5, 0/47 HPs)
             Began as a Minotaur Berserker on July 9, 2021.
             Was a Believer of Trog.
             Succumbed to an adder's poison
             ... on level 3 of the Dungeon.
             The game lasted 00:02:27 (2752 turns).

dtburroughs the Chopper (Minotaur Berserker)        Turns: 2752, Time: 00:02:27

Health: 0/47       AC:  7    Str: 21    XL:     5   Next: 75%
Magic:  4/4        EV: 11    Int:  5    God:    Trog [**....]
Gold:   87         SH:  0    Dex: 10    Spells: 4/4 levels left

rFire    . . .     SeeInvis .   a - +0 hand axe
rCold    . . .     Faith    .   (no shield)
rNeg     . . .     Spirit   .   i - +0 scale mail (curse)
rPois    .         Reflect  .   (helmet restricted)
rElec    .         Harm     .   (no cloak)
rCorr    .         Rampage  .   (no gloves)
Will     .....                  (no boots)
Stlth    ..........             (no amulet)
HPRegen  0.15/turn              (no ring)
MPRegen  0.09/turn              (no ring)

@: lethally poisoned (0 -> -13), invisible
A: retaliatory headbutt, horns 2
a: Renounce Religion, Berserk, Trog's Hand


You were on level 3 of the Dungeon.
You worshipped Trog.
Trog was pleased with you.
You visited 1 branch of the dungeon, and saw 3 of its levels.

You collected 87 gold pieces.

Inventory:

Hand Weapons
 a - a +0 hand axe (weapon)
Armour
 b - a +0 animal skin
 i - a cursed +0 scale mail (worn)
Jewellery
 g - an uncursed ring of willpower {unknown}
 j - an uncursed ring of wizardry {unknown}
 o - an uncursed amulet of the acrobat {unknown}
 p - an uncursed ring of stealth {unknown}
Wands
 q - a wand of polymorph (4)
Scrolls
 d - a scroll of blinking {unknown}
 e - 6 scrolls of remove curse {unknown}
 f - 3 scrolls of identify {unknown}
 h - a scroll of enchant weapon {unknown}
 l - a scroll of fear {unknown}
 n - a scroll of enchant armour {unknown}
Potions
 k - a potion of curing {unknown}
 m - a potion of flight {unknown}


   Skills:
 + Level 4.9 Fighting
 + Level 5.1 Axes
 + Level 4.1 Armour
 + Level 3.8 Dodging


You had 4 spell levels left.
You didn't know any spells.
Your spell library was empty.

Dungeon Overview and Level Annotations

Branches:
Dungeon (3/15)

Altars:
Dithmenos
Hepliaklqana


Innate Abilities, Weirdness & Mutations

You reflexively headbutt those who attack you in melee.
You have a pair of horns on your head.


Message History

You hit something. Trog accepts your kill.
Trog appreciates your killing of a magic user.
You can now call upon Trog for regeneration and willpower.
Reactivating autopickup.
You feel a bit more experienced.
You miss the adder. You hit the orc.
* * * LOW HITPOINT WARNING * * *
You feel sick. The adder bites you.
* * * LOW HITPOINT WARNING * * *
You are more poisoned.
The adder poisons you! The orc hits you but does no damage.
* * * LOW HITPOINT WARNING * * *
You feel sick. The adder closely misses you.
The orc hits you but does no damage. The adder closely misses you.
You furiously retaliate!
You headbutt the adder!
Things that are here:
a +0 dagger; a +0 robe It was a potion of invisibility.
You fade into invisibility!
You die...

)....... .########### †#
#...# .# #.#.#
.#######.#.#.
.........#.#.#############
##########.#.......)......
#.#...oS)........
#.#....@.########
#.######.# #.######.#
#........# #.######## ###


You could see an adder and an orc.

Vanquished Creatures
  Jessica (D:2)
  Ijyb (D:3)
  An iguana (D:3)
  Natasha (thrice) (D:2)
  An orc wizard (D:3)
  2 adders
  A worm (D:2)
  A dart slug (D:1)
  2 orcs (D:3)
  A bat (D:2)
  A giant cockroach (D:2)
  7 goblins
  7 hobgoblins
  A frilled lizard (D:1)
  6 kobolds
  3 rats
39 creatures vanquished.

Notes
Turn   | Place    | Note
-------+----------+-------------------------------------------
     0 | D:1      | dtburroughs the Minotaur Berserker began the quest for the
                  | Orb.
     0 | D:1      | Reached XP level 1. HP: 19/19 MP: 0/0
   372 | D:1      | Reached XP level 2. HP: 27/27 MP: 1/1
   937 | D:2      | Reached skill level 4 in Axes
  1057 | D:2      | Found a hazy altar of Hepliaklqana.
  1123 | D:2      | Reached XP level 3. HP: 31/33 MP: 2/2
  1341 | D:2      | Reached ** piety under Trog
  1450 | D:2      | Noticed Jessica
  1457 | D:2      | Killed Jessica
  1458 | D:2      | Reached XP level 4. HP: 37/40 MP: 3/3
  1529 | D:2      | Noticed Natasha
  1539 | D:2      | Killed Natasha
  1991 | D:2      | Found a shadowy altar of Dithmenos.
  2057 | D:2      | Noticed Natasha
  2063 | D:2      | Killed Natasha
  2204 | D:2      | Noticed Natasha
  2212 | D:2      | Killed Natasha
  2213 | D:2      | Reached XP level 5. HP: 32/47 MP: 4/4
  2429 | D:3      | Noticed Ijyb
  2447 | D:3      | Killed Ijyb
  2692 | D:3      | Reached skill level 5 in Axes
  2751 | D:3      | HP: 2/47 [poisoned by an adder]
  2752 | D:3      | Succumbed to an adder's poison

Illustrated notes

Levels and vault maps discovered:
D:1:      amcnicky_arrival_gap_in_the_tavern_cellar, layout_basic
D:2:      layout_loops_cross, old_standard_altar, grunt_dithmenos_smoke,
          uniq_natasha, uniq_jessica
D:3:      layout_basic, kennysheep_potato, uniq_ijyb

Skill      XL: |  1  2  3  4  5 |
---------------+----------------+-----
Axes           | 4 5 |  5.1
Fighting       | 4 |  4.9
Armour         | 3 4 |  4.1
Dodging        | 3 |  3.8

Action                   |  1- 3 |  4- 6 || total
-------------------------+-------+-------++-------
Melee: Hand axe          |    55 |    62 ||   117
       Headbutt          |     4 |     8 ||    12
Invok: Berserk           |       |     1 ||     1
       Trog's Hand       |       |     2 ||     2
  Use: Potion            |       |     1 ||     1
Armor: Animal skin       |     5 |     2 ||     7
       Scale mail        |       |    29 ||    29
Dodge: Dodged            |    42 |    40 ||    82
